 Dungeon Crawl Stone Soup version 0.29-a0-923-g6e406bff71 (webtiles) character file.

Game seed: 582602431901213209

333 kae the Insei (level 6, 0/47 HPs)
             Began as a Demonspawn Monk on July 27, 2022.
             Slain by Pikel
             ... wielding a +2 whip of electrocution
              (9 damage)
             ... on level 4 of the Dungeon.
             The game lasted 00:02:43 (3765 turns).

kae the Insei (Demonspawn Monk)                     Turns: 3765, Time: 00:02:44

Health: 0/47       AC:  5    Str: 11    XL:     6   Next: 27%
Magic:  6/6        EV: 13    Int: 11    God:
Gold:   141        SH:  4    Dex: 18    Spells: 5/5 levels left

rFire   + . .      SeeInvis .   e - +2 dagger (venom)
rCold   . . .      Faith    .   (no shield)
rNeg    . . .      Spirit   .   a - +1 robe
rPois   .          Reflect  .   (helmet restricted)
rElec   .          Harm     .   (no cloak)
rCorr   .          Rampage  .   (no gloves)
Will    .....                   (no boots)
Stlth   ++........              (no amulet)
HPRegen 0.15/turn               F - ring of protection from fire
MPRegen 0.10/turn               (no ring)

@: no status effects
A: antennae 1, molten scales 1, condensation shield
a: no special abilities


You were on level 4 of the Dungeon.
You visited 1 branch of the dungeon, and saw 4 of its levels.

You collected 141 gold pieces.


Innate Abilities, Weirdness & Mutations

You have a pair of small antennae on your head.
You are partially covered in molten scales. (AC +2)
A meltable shield of frost defends you. (SH +4)


   Skills:
 + Level 3.5 Fighting
 - Level 2.6 Dodging
 - Level 1.7 Stealth
 * Level 6.2 Unarmed Combat


You had 5 spell levels left.
You didn't know any spells.
Your spell library contained the following spells:

 Spells                   Type           Power      Damage    Failure   Level
 Slow                     Hex            0%         N/A       34%         1
 Blink                    Tloc           0%         N/A       47%         2
 Confusing Touch          Hex            0%         N/A       71%         3
 Lesser Beckoning         Tloc           0%         N/A       71%         3
 Vampiric Draining        Necr           0%         2d6       71%         3
 Manifold Assault         Tloc           0%         N/A       100%        5

Inventory:

Hand Weapons
 e - a +2 dagger of venom (weapon)
   (You took it off a kobold on level 1 of the Dungeon)
Missiles
 h - 15 poisoned darts
 m - 3 datura-tipped darts
 n - 64 stones (quivered)
Armour
 a - a +1 robe (worn)
Jewellery
 f - a ring of protection from fire
   (You found it on level 4 of the Dungeon)
 F - a ring of protection from fire (left hand)
   (You found it on level 3 of the Dungeon)
Scrolls
 i - 2 scrolls of amnesia
 k - 2 scrolls of poison {!r}
Potions
 b - a potion of ambrosia
 c - a potion of attraction {!q}
 d - a potion of brilliance {unknown}
 g - 2 potions of curing {@q1}
 j - a potion of mutation {unknown}
 l - a potion of cancellation {unknown}

Dungeon Overview and Level Annotations

Branches:
Dungeon (4/15) Zot: 20235
 Temple: D:4-7

Altars:

Shops:
D:2 (

Annotations:
D:3 Sigmund
D:4 Pikel

############################## .
............K@................
..#######5######.########.##♣...
##. #.# #..#######.##.♣..
...#######.# #..P≈...#........
##.......5.## #.♣≈.≈..#..######
#......[....# #..≈≈≈≈..........
#...........# ##.≈≈≈≈♣#..#.####
#.....†.....# #.≈≈.≈.......#
#...........# #..≈♣.....#5####


You could see Pikel (extremely poisoned) and a lemure (wandering).


Message History

The lemure shouts!
You hear a shout!
You hear a bark!
A lemure comes into view. x2
A hound comes into view.
You see here a worm corpse. 😕 HP[+1] 😎 HP[+1]
Your hp is fully restored (47).
Okay, then.
You aren't carrying any items that you can evoke.
Unknown command.
Okay, then.
Unknown command.
The lemure barely misses you.
You hit the lemure but do no damage.
The lemure is poisoned.
The lemure hits you but does no damage.
Really read
k - 3 scrolls of poison {!r}?
Okay, then.
Really read
k - 3 scrolls of poison {!r}?
Really read the scroll of poison?
The air fills with toxic fumes!
As you read the scroll of poison {!r}, it crumbles to dust.
The lemure completely misses you.
Unknown command.
You hit the lemure. Your punch misses the lemure. The lemure hits you. 😕 HP[-5]
You take 5 damage, and now have 42/47 hp.
You hit the lemure but do no damage.
The lemure looks even sicker.
The lemure hits you but does no damage.
You hit the lemure. The lemure hits you. 😕 HP[-2]
You take 2 damage, and now have 40/47 hp.
You hit the lemure.
The lemure looks as sick as possible!
The lemure hits you. 😕 HP[-1]
You take 1 damage, and now have 39/47 hp.
You barely miss the lemure. You block the lemure's attack. 😕 HP[+1]
You hit the lemure but do no damage.
The lemure looks as sick as possible!
The lemure hits you. 😕 HP[-3]
You take 3 damage, and now have 37/47 hp.
You hit the lemure but do no damage.
The lemure looks as sick as possible!
The lemure closely misses you.
You hit the lemure.
You kill the lemure!
That felt strangely unrewarding.
The hound misses you.
You hit the hound.
The hound is poisoned.
The hound bites you but does no damage.
Pikel says, "Antaeus said I was his favorite kobold.
Me!"
Really walk into that cloud of poison gas? [Y]es or [N]o only, please.
Really walk into that cloud of poison gas?
Okay, then.
You barely miss the hound. You block the hound's attack.
The hound barely misses you.
You hit the hound.
The hound looks as sick as possible!
The hound misses you.
You hit the hound but do no damage.
The hound looks as sick as possible!
The hound closely misses you. The hound bites you. 😮 HP[-4]
You take 4 damage, and now have 33/47 hp.
You hit the hound.
You kill the hound!
You hit the lemure.
The lemure is poisoned.
You block the lemure's attack.
You closely miss the lemure. The lemure hits you. 😮 HP[-4]
You take 4 damage, and now have 29/47 hp.
You barely miss the lemure. The lemure barely misses you.
You hit the lemure. The lemure barely misses you.
You hit the lemure.
The lemure looks as sick as possible!
The lemure hits you!
* * * LOW HITPOINT WARNING * * *
😨 HP[-7]
You take 7 damage, and now have 22/47 hp.
You hit the lemure.
The lemure looks as sick as possible!
The lemure barely misses you. 😨 HP[+1]
You hit the lemure. The lemure hits you but does no damage.
You hit the lemure.
You kill the lemure!
That felt strangely unrewarding.
You miss Pikel. Pikel closely misses you.
You hit Pikel.
Pikel is poisoned.
Pikel hits you but does no damage.
You hit Pikel but do no damage.
Pikel looks as sick as possible!
Pikel barely misses you.
You hit Pikel but do no damage.
Pikel looks as sick as possible!
You block Pikel's attack. 😮 HP[+1]
You hit Pikel but do no damage.
Pikel looks as sick as possible!
Pikel hits you with a +2 whip of electrocution.
* * * LOW HITPOINT WARNING * * *
😨 HP[-4]
You take 4 damage, and now have 20/47 hp.
You closely miss Pikel. You block Pikel's attack.
You closely miss Pikel.
Pikel hits you with a +2 whip of electrocution!
* * * LOW HITPOINT WARNING * * *
😱 HP[-11]
You take 11 damage, and now have 9/47 hp.
MASSIVE DAMAGE!! (PAUSE)
You closely miss Pikel.
Pikel hits you with a +2 whip of electrocution!
You die...

Skill      XL: |  1  2  3  4  5 |
---------------+----------------+-----
Unarmed Combat | 3 4 5 6 |  6.2
Fighting       | |  3.5
Dodging        | |  2.6
Stealth        | |  1.7

Action                   |  1- 3 |  4- 6 || total
-------------------------+-------+-------++-------
Melee: Unarmed           |    13 |       ||    13
       Dagger            |    98 |   191 ||   289
       Punch             |     3 |     6 ||     9
  Use: Scroll            |     2 |     9 ||    11
 Stab: Sleeping          |     2 |     2 ||     4
       Distracted        |       |     1 ||     1
Armor: Robe              |    21 |    46 ||    67
Dodge: Dodged            |    85 |   124 ||   209
Block: Other             |     9 |    29 ||    38

Levels and vault maps discovered:
D:1:      dpeg_arrival_leaves_temple_mockup, layout_rooms,
          kennysheep_small_spiral, st_stairs_3, minmay_heptomino_d4
D:2:      layout_basic, serial_shops, nicolae_shop_bloodbath_and_beyond,
          hellmonk_ecumenical_altar_heavens_door
D:3:      layout_basic, nicolae_overflow_hidden_temple,
          minmay_fractal_squares_diagonal_5, uniq_sigmund
D:4:      layout_basic, serial_demonic, serial_demonic_f, serial_demonic_e,
          serial_demonic_e, serial_demonic_a, serial_demonic_f,
          serial_demonic_c, serial_demonic_g, uniq_pikel

Notes
Turn   | Place    | Note
-------+----------+-------------------------------------------
     0 | D:1      | kae the Demonspawn Monk began the quest for the Orb.
     0 | D:1      | Reached XP level 1. HP: 18/18 MP: 1/1
     0 | D:1      | magus.rc [v1.11.3]
     2 | D:1      | You pick up a book of Debilitation and begin reading...
     2 | D:1      | You add the spells Slow, Vampiric Draining and Confusing
                  | Touch to your library.
    78 | D:1      | Reached skill level 3 in Unarmed Combat
   167 | D:1      | Gained mutation: A meltable shield of frost defends you.
                  | (SH +4) [demonic ancestry]
   167 | D:1      | Reached XP level 2. HP: 23/24 MP: 2/2
   176 | D:1      | HP: 6/24 [kobold/+0 dagger (2)]
   364 | D:1      | You pick up a book of Spatial Translocations and begin
                  | reading...
   364 | D:1      | You add the spells Blink, Lesser Beckoning and Manifold
                  | Assault to your library.
   978 | D:2      | Reached XP level 3. HP: 29/29 MP: 3/3
   984 | D:2      | Reached skill level 4 in Unarmed Combat
  1081 | D:2      | You fall into a shaft and drop 2 floors!
  1473 | D:3      | Gained mutation: You have a pair of small antennae on your
                  | head. [demonic ancestry]
  1473 | D:3      | Reached XP level 4. HP: 11/35 MP: 4/4
  1744 | D:2      | Found a faded altar of an unknown god.
  1908 | D:2      | Found Tuifeovu's Weapon Boutique.
  2115 | D:2      | Reached skill level 5 in Unarmed Combat
  2116 | D:2      | HP: 8/35 [orc/+0 hand axe (4)]
  2118 | D:2      | Gained mutation: You are partially covered in molten
                  | scales. (AC +2) [demonic ancestry]
  2118 | D:2      | Reached XP level 5. HP: 9/41 MP: 5/5
  2844 | D:3      | Reached skill level 6 in Unarmed Combat
  2844 | D:3      | Reached XP level 6. HP: 16/47 MP: 6/6
  3064 | D:3      | Noticed Sigmund
  3716 | D:4      | Noticed Pikel
  3764 | D:4      | HP: 9/47 [Pikel/+2 whip of electrocution (11)]
  3765 | D:4      | Slain by Pikel

Vanquished Creatures
  2 lemures (D:4)
  2 hounds
  2 orc priests
  An orc wizard (D:3)
  7 adders
  A shadow imp (D:4)
  A white imp (D:4)
  3 ufetubi
  3 worms
  2 dart slugs
  9 orcs
  7 ball pythons
  3 bats
  6 endoplasms
  A giant cockroach (D:1)
  4 goblins
  5 hobgoblins
  3 jackals (D:3)
  13 kobolds
  3 quokkas
  A frilled lizard (D:2)
  9 rats
88 creatures vanquished.

Vanquished Creatures (others)
  8 demonic plants (D:4)
8 creatures vanquished.

Grand Total: 96 creatures vanquished

Table legend:
 A = Non-vault XP
 B = Vault XP
 C = Vault XP percentage of total XP
 D = Non-vault monster count
 E = Vault monster count
 F = Vault count percentage of total count
                 A         B        C        D         E       F
            +---------+---------+-------+---------+---------+-------
      Total |     363 |     114 |  23.9 |      71 |      15 |  17.4
            +---------+---------+-------+---------+---------+-------
        D:1 |      31 |       9 |  22.5 |      19 |       6 |  24.0
        D:2 |     110 |       0 |   0.0 |      19 |       0 |   0.0
        D:3 |     168 |      68 |  28.8 |      26 |       5 |  16.1
        D:4 |      54 |      37 |  40.7 |       7 |       4 |  36.4
            +---------+---------+-------+---------+---------+-------

Illustrated notes

Table legend:
 A = Kills in this place as a percentage of kills in entire the game.
 B = Kills by you in this place as a percentage of kills by you in the entire game.
 C = Kills by friends in this place as a percentage of kills by friends in the entire game.
 D = Other kills in this place as a percentage of other kills in the entire game.
 E = Experience gained in this place as a percentage of experience gained in the entire game.
 F = Experience gained in this place divided by the number of levels of this place that you have seen.
                   A       B       C       D       E      F
               +-------+-------+-------+-------+-------+----------------------
         Total | 100.0 | 100.0 |   N/A |   N/A | 100.0 | 119.2
       Dungeon | 100.0 | 100.0 |   N/A |   N/A | 100.0 | 119.2
               +-------+-------+-------+-------+-------+----------------------

Table legend: (Time is in decaauts)
 A = Elapsed time spent in this place.
 B = Non-inter-level travel time spent in this place.
 C = Inter-level travel time spent in this place.
 D = Time resting spent in this place.
 E = Time spent auto-exploring this place.
 F = Levels seen in this place.
 G = Mean time per level.
                   A        B        C        D        E       F      G
               +--------+--------+--------+--------+--------+-----+--------+
         Total |   3763 |   3699 |     64 |    927 |   2136 |   4 |  940.8 |
       Dungeon |   3763 |   3699 |     64 |    927 |   2136 |   4 |  940.8 |
               +--------+--------+--------+--------+--------+-----+--------+

Top non-repeatable levels by time:
     D:3: 1215 daAuts
     D:1: 966 daAuts
     D:4: 809 daAuts
     D:2: 772 daAuts
